[Event "Early-Titled-Tuesday-Blitz-September-05-2023"]
[Site "Chess.com"]
[Date "2023.09.05"]
[Round "8"]
[White "suspiciumchess"]
[Black "tk22h"]
[Result "0-1"]
[WhiteElo "2255"]
[BlackElo "2390"]
[TimeControl "180+1"]
[EndTime "9:25:49 PDT"]
[Termination "tk22h won by resignation"]

1. d4 Nf6 2. c4 g6 3. Nc3 d5 4.
cxd5 Nxd5 5. e4 Nxc3 6. bxc3 Bg7 7. Bc4 O-O 8. Ne2 c5 9. O-O Nc6 10. Be3 Qc7 11. Rc1 Rd8 12. h4 h5 13. Qd2 Ne5 14.
Bd5 Ng4 15. Nf4 e6 16. Bb3 Qe7 17. g3 Bd7 18. Nd3 cxd4 19. Bxd4 e5 20. Bc5 Qe8 21. Rfd1 Be6 22. Qe2 Bh6 23. Rb1 b6 24. Ba3 Bxb3 25.
axb3 Rac8 26. Nb4 Rxc3 27. Nd5 Rcc8 28. f3 Rxd5 29. Rxd5 Ne3 30. Rd3 Rc2 31. Rd2 Rxd2 32. Qxd2 Nf5 33. Qe1 Nd4 34. Kg2 Qb5 35. Bc1 Bxc1 36.
Rxc1 Qxb3 37. Rc8+ Kg7 38. Qc3 Qa2+ 39. Kf1 Qe2+ 40. Kg1 Nxf3+ 0-1

[Event "Early-Titled-Tuesday-Blitz-September-05-2023"]
[Site "Chess.com"]
[Date "2023.09.05"]
[Round "8"]
[White "lacafi"]
[Black "Magila31"]
[Result "0-1"]
[WhiteElo "2218"]
[BlackElo "2431"]
[TimeControl "180+1"]
[EndTime "9:25:51 PDT"]
[Termination "Magila31 won by resignation"]

1. d4 g6 2. Nf3 Bg7 3. c4 Nf6 4.
Nc3 O-O 5. e4 d6 6. Be2 c5 7. d5 e6 8. O-O exd5 9. exd5 Bf5 10. Re1 Ne4 11. Nxe4 Bxe4 12. Bd3 Bxf3 13. Qxf3 Nd7 14.
Rb1 Qa5 15. Bf4 Be5 16. a3 Bxf4 17. Qxf4 Ne5 18. Bf1 Rae8 19. Red1 Qa4 20. Qc1 Qb3 21. f4 Ng4 22. Rd3 Qb6 23. h3 Nf6 24. f5 Re5 25. Rf3 Qd8 26. Bd3 Kg7 27. Qf1 g5 28. Qf2 h5 29. b4 b6 30. bxc5 bxc5 31. Rb7 Qa5 32. Rg3 Kh6 33. Qd2 Qxd2 0-1

[Event "Early-Titled-Tuesday-Blitz-September-05-2023"]
[Site "Chess.com"]
[Date "2023.09.05"]
[Round "8"]
[White "Anton_Demchenko"]
[Black "Bigfish1995"]
[Result "1-0"]
[WhiteElo "2953"]
[BlackElo "3089"]
[TimeControl "180+1"]
[EndTime "9:25:52 PDT"]
[Termination "Anton_Demchenko won by resignation"]

1. e4 a6 2. d4 Ra7 3. Bd3 Ra8 4. c4 g6 5. f4 Bg7 6. Nf3 c5 7. dxc5 Qa5+ 8. Bd2 Qxc5 9. Nc3 d6 10. Nd5 Nf6 11. b4 Qa7 12. Be3 b6 13. Bxb6 Qb7 14. Nc7+ Kf8 15. Nxa8 Nbd7 16. Bd4 Qxb4+ 17. Qd2 Qb7 18. Nb6 Nxb6 19. Rb1 Nfd7 20. Bxb6 Nxb6 21. Qb4 Qd7 22. Qxb6 Bc3+ 23. Ke2 Qg4 24. Qe3 Qxg2+ 25. Qf2 Qh3 26. Rb3 Bf6 27. Qg3 Qh5 28. e5 Bg7 29. Rb8 1-0

[Event "Early-Titled-Tuesday-Blitz-September-05-2023"]
[Site "Chess.com"]
[Date "2023.09.05"]
[Round "8"]
[White "colegiodemadrid"]
[Black "SpongeBob_03"]
[Result "1-0"]
[WhiteElo "2461"]
[BlackElo "2224"]
[TimeControl "180+1"]
[EndTime "9:25:52 PDT"]
[Termination "colegiodemadrid won by checkmate"]

1. e4 c5 2. Nf3 d6 3. d4 cxd4 4. Nxd4 Nf6 5. Nc3 g6 6. Be3 Bg7 7. f3 Nc6 8. Qd2 O-O 9. O-O-O d5 10. Kb1 e5 11. Nxc6 bxc6 12. exd5 Nxd5 13. Nxd5 cxd5 14. Qxd5 Qc7 15. Qxa8 Bf5 16. Qd5 Qxc2+ 17. Ka1 e4 18. Bc1 exf3 19. Bd3 Bxd3 20. Qxd3 Qxg2 21. Rhg1 Qxh2 22.
Qxf3 Rb8 23. Rg2 Qe5 24. Qg3 Qb5 25. Rgd2 Bf6 26. Qd6 Kg7 27. Rf2 Be5 28. Qd5 Qe8 29. Rxf7+ Kh8 30. Qd7 Qg8 31. Qe7 Bg7 32. Rd7 Rc8 33.
Rc7 Rxc7 34. Qxc7 h5 35. Bg5 a5 36. Qe7 Qc8 37. Rxg7 Qc1+ 38. Bxc1 h4 39. Rh7+ Kg8 40.
Qg7# 1-0

[Event "Early-Titled-Tuesday-Blitz-September-05-2023"]
[Site "Chess.com"]
[Date "2023.09.05"]
[Round "8"]
[White "falzehope0"]
[Black "nassimzrikem"]
[Result "1-0"]
[WhiteElo "2465"]
[BlackElo "2252"]
[TimeControl "180+1"]
[EndTime "9:25:58 PDT"]
[Termination "falzehope0 won on time"]

1. d4 Nf6 2. e3 b6 3. f4 Bb7 4. Nf3 c5 5. Bd3 d6 6. O-O Nbd7 7. c3 e6 8. Nbd2 Be7 9. a3 O-O 10. e4 cxd4 11. cxd4 h6 12. e5 Nd5 13. Ne4 dxe5 14. fxe5 f5 15. Ng3 Bg5 16. Nxg5 hxg5 17. Qh5 g4 18. Nxf5 exf5 19. Bxf5 N5f6 20. Be6+ Rf7 21. Qxf7+ Kh8 22. exf6 Nxf6 23. Rxf6 Qxd4+ 24. Rf2 Qd1+ 25. Rf1 Qd4+ 26. Kh1 Qe5 27. Bf4 Bxg2+ 28. Kxg2 Qe4+ 29. Kg1 Qd4+ 30. Rf2 Qc5 31. b4 1-0

[Event "Early-Titled-Tuesday-Blitz-September-05-2023"]
[Site "Chess.com"]
[Date "2023.09.05"]
[Round "8"]
[White "Langua_Chess"]
[Black "Taran2004"]
[Result "0-1"]
[WhiteElo "2475"]
[BlackElo "2372"]
[TimeControl "180+1"]
[EndTime "9:25:59 PDT"]
[Termination "Taran2004 won by checkmate"]

1. d4 Nf6 2. c4 c5 3. Nf3 cxd4 4. Nxd4 Nc6 5. Nc3 g6 6. e3 Bg7 7. Be2 O-O 8. O-O Nxd4 9. Qxd4 d6 10. Rd1 Be6 11. Qd2 Rc8 12. Nd5 Bxd5 13. cxd5 Qc7 14. Qb4 b6 15. Qb3 Qc5 16. Bf3 Nd7 17. e4 Ne5 18.
Be2 Qc2 19. Qe3 Bh6 20. Qxh6 Qxe2 21. Be3 Ng4 22. Rd2 Qc4 23. Qf4 Nxe3 24. Qxe3 Qc1+ 25. Qe1 Qxe1+ 26. Rxe1 Rc4 27. b3 Rc5 28. f3 Rfc8 29. Kf2 Rc2 30. Ree2 Rc1 31. Ke3 Kg7 32. h3 g5 33. Kf2 Kf6 34. Ke3 h5 35. Kd3 Ke5 36. g3 R8c3# 0-1

[Event "Early-Titled-Tuesday-Blitz-September-05-2023"]
[Site "Chess.com"]
[Date "2023.09.05"]
[Round "8"]
[White "McCarthyStone"]
[Black "H_E_D_G_E_H_O_G"]
[Result "1-0"]
[WhiteElo "2424"]
[BlackElo "2083"]
[TimeControl "180+1"]
[EndTime "9:26:01 PDT"]
[Termination "McCarthyStone won by checkmate"]

1. b3 d6 2. Bb2 e5 3. d4 e4 4. d5 f5 5. e3 Nf6 6. h4 Nbd7 7.
Nh3 Ne5 8. Nf4 g6 9. Bb5+ Kf7 10. a4 Bg7 11. Nc3 Qe7 12. Qe2 a6 13. Bc4 Bd7 14. Ne6 Rac8 15. Ng5+ Ke8 16. b4 h6 17. Nh3 g5 18.
Bb3 Kf7 19. hxg5 hxg5 20. Nxg5+ Kg6 21. Nh3 Bh6 22. O-O-O b5 23. a5 Rh7 24. Kb1 Rch8 25. f3 exf3 26. gxf3 Bxe3 27. Qxe3 Rxh3 28. Rxh3 Rxh3 29.
Ne2 Rxf3 30. Rg1+ Kf7 31. Qh6 Qf8 32. Qh1 Rf2 33. Nd4 Neg4 34. Ne6 Qh6 35. Qxh6 Nxh6 36. Rg7+ Ke8 37. Bxf6 Ng4 38. Re7# 1-0

[Event "Early-Titled-Tuesday-Blitz-September-05-2023"]
[Site "Chess.com"]
[Date "2023.09.05"]
[Round "8"]
[White "Shockerlover"]
[Black "Doudou2015"]
[Result "0-1"]
[WhiteElo "1972"]
[BlackElo "2178"]
[TimeControl "180+1"]
[EndTime "9:26:02 PDT"]
[Termination "Doudou2015 won by resignation"]

1. d4 d5 2. Nf3 Nf6 3. c4 e6 4.
g3 c6 5. Bg2 Nbd7 6. Qc2 Be7 7.
O-O O-O 8. Rd1 h6 9. Nbd2 Re8 10. e4 dxe4 11. Nxe4 Nxe4 12. Qxe4 Nf6 13. Qc2 Bd6 14. Ne5 Qc7 15. Qe2 Bd7 16. b3 Rad8 17. Bb2 Bc8 18. Rd2 Bb4 19. Rd3 Bd6 20. Rad1 Nd7 21. Qh5 Nf6 22. Qf3 c5 23. Ng4 Nxg4 24. Qxg4 e5 25.
Qh4 exd4 26. Bc1 Qe7 27. Qh5 Qf6 28. Bd5 Qg6 29. Qf3 Re7 30. R3d2 Bg4 31. Qd3 Qxd3 32. Rxd3 Bxd1 33. Rxd1 b6 34. Kg2 Rde8 35. h4 Re1 36. Rxe1 Rxe1 37. Bd2 Re2 0-1

[Event "Early-Titled-Tuesday-Blitz-September-05-2023"]
[Site "Chess.com"]
[Date "2023.09.05"]
[Round "8"]
[White "DopplerCharlotteDeWitte"]
[Black "DrDreBeats"]
[Result "0-1"]
[WhiteElo "2708"]
[BlackElo "2566"]
[TimeControl "180+1"]
[EndTime "9:26:05 PDT"]
[Termination "DrDreBeats won by resignation"]

1. e4 d5 2. exd5 Qxd5 3. Nf3 Bg4 4. Be2 Nc6 5. d4 O-O-O 6. c4 Qa5+ 7. Bd2 Qa6 8. d5 Bxf3 9. Bxf3 Nd4 10. Na3 e5 11. Nb5 Nxb5 12. cxb5 Qxb5 13. a4 Qd3 14. Rc1 Qa6 15. Qc2 Bd6 16. b4 Nf6 17. b5 Qb6 18.
O-O Ba3 19. a5 Qd6 20. Ra1 e4 21. Bxe4 Nxe4 22. Qxe4 Qxd5 23. Qe3 Bc5 24. Qh3+ Qd7 25. Qxd7+ Rxd7 26. Bf4 Rd4 27. Be5 Rd5 28. Bxg7 Rg8 29. Bf6 Rg6 30. Bh4 Bd6 31. Bg3 Rxb5 32. a6 Bxg3 33.
fxg3 f5 34. axb7+ Kxb7 35. Ra4 a5 36. Rh4 h6 37. Rh5 Ra6 38. g4 a4 39. gxf5 a3 40. f6 Rxh5 41. f7 Ra8 42. f8=Q Rxf8 43. Rxf8 a2 44. Rf1 Rb5 0-1

[Event "Early-Titled-Tuesday-Blitz-September-05-2023"]
[Site "Chess.com"]
[Date "2023.09.05"]
[Round "8"]
[White "ZuraTqebuchava"]
[Black "Quattroporte300"]
[Result "0-1"]
[WhiteElo "2249"]
[BlackElo "2398"]
[TimeControl "180+1"]
[EndTime "9:26:05 PDT"]
[Termination "Quattroporte300 won on time"]

1. e4 c5 2. Nf3 a6 3. b3 b5 4. Bb2 Bb7 5. d3 Nf6 6. Be2 d6 7. O-O Nbd7 8. Nbd2 g6 9. a4 Bg7 10. axb5 axb5 11. Rxa8 Qxa8 12. Qa1 O-O 13. h3 Nh5 14. Bxg7 Nxg7 15. Qb2 Ne6 16. Ra1 Qc8 17. Nh2 h5 18.
Ndf1 Ne5 19. Nf3 Nf4 20. Bd1 f6 21. Ne3 Kg7 22. h4 Bc6 23. Ra7 Rf7 24. g3 Ne6 25. Nxe5 fxe5 26. f4 Nd4 27. f5 gxf5 28. Bxh5 f4 29.
Bxf7 fxe3 30. Bh5 Qh3 31. Rxe7+ Kh6 32. Qa1 Qxg3+ 33. Kh1 Qxh4+ 0-1

[Event "Early-Titled-Tuesday-Blitz-September-05-2023"]
[Site "Chess.com"]
[Date "2023.09.05"]
[Round "8"]
[White "psychokiller48"]
[Black "Bugcrusher"]
[Result "0-1"]
[WhiteElo "2675"]
[BlackElo "2348"]
[TimeControl "180+1"]
[EndTime "9:26:06 PDT"]
[Termination "Bugcrusher won by resignation"]

1. e4 e6 2. d4 d5 3. Nc3 Bb4 4. e5 c5 5. a3 Bxc3+ 6. bxc3 Qa5 7.
Bd2 Qa4 8. Nf3 b6 9. h4 Ba6 10. h5 h6 11. Rh4 Ne7 12. dxc5 Qd7 13. cxb6 Bxf1 14. Kxf1 axb6 15. c4 Nbc6 16. cxd5 Qxd5 17. Bb4 Nxb4 18. Rxb4 Rxa3 19. Rxb6 Rxa1 20. Qxa1 O-O 21. Qd4 Qa2 22. Qb2 Qc4+ 23. Kg1 Nd5 24. Rb8 Nf4 25. Rxf8+ Kxf8 26. Qb8+ Ke7 27. Qd6+ Ke8 28. g3 Ne2+ 29. Kg2 Qxc2 30. Qb8+ Ke7 31. Qg8 g6 32. Qg7 gxh5 33.
Qf6+ Ke8 34. Qxh6 Qe4 35. Qxh5 Nd4 36. Qh8+ Ke7 37. Qf6+ Ke8 38. Qf4 Qxf4 39. gxf4 Ne2 40. f5 exf5 41. Nh4 Nf4+ 42. Kf3 Nd3 43. Nxf5 Nxe5+ 44. Ke4 Ng4 45. f3 Nh2 46. f4 Ng4 47. Nd6+ Ke7 48. Nf5+ Kf6 49. Nd6 Ke6 50. Nf5 Nf6+ 0-1

[Event "Early-Titled-Tuesday-Blitz-September-05-2023"]
[Site "Chess.com"]
[Date "2023.09.05"]
[Round "8"]
[White "ExchangeAB"]
[Black "milovichalex"]
[Result "1-0"]
[WhiteElo "2427"]
[BlackElo "2285"]
[TimeControl "180+1"]
[EndTime "9:26:07 PDT"]
[Termination "ExchangeAB won by resignation"]

1. d4 Nf6 2. Nc3 d5 3. Bf4 c6 4.
e3 Bf5 5. f3 h6 6. g4 Bh7 7. Bd3 e6 8. Bxh7 Nxh7 9. Nge2 Bd6 10. Kf2 Bxf4 11. Nxf4 Qh4+ 12. Kg2 Nd7 13. Qe1 Qf6 14.
Nd3 e5 15. dxe5 Nxe5 16. Nxe5 Qxe5 17. Qg3 f6 18. Qxe5+ fxe5 19. f4 Nf6 20. Kg3 d4 21. fxe5 dxc3 22. exf6 cxb2 23. Rab1 gxf6 24. Rxb2 O-O-O 25. c4 Rhe8 26. Kf4 Rd3 27. Rb3 Rd2 28. Rhb1 b6 29. R1b2 Rd1 30. Rc3 Rf1+ 31. Kg3 Re4 32. h3 c5 33. Rf2 Re1 34. Rxf6 R4xe3+ 35. Rxe3 Rxe3+ 36. Kh4 Re4 37. Kh5 Rxc4 38. h4 Rd4 39. Rxh6 Rd5+ 40. g5 c4 41. Rc6+ Kd7 42. Rxc4 b5 43. Rf4 a5 44. Kg6 b4 45. h5 Rb5 46. h6 Rb6+ 47. Kg7 a4 48. h7 b3 49.
axb3 axb3 50. h8=Q b2 51. Rd4+ Kc7 52. Qd8+ Kb7 53. Qxb6+ Kxb6 54. Rb4+ 1-0

[Event "Early-Titled-Tuesday-Blitz-September-05-2023"]
[Site "Chess.com"]
[Date "2023.09.05"]
[Round "8"]
[White "FARIZA2018"]
[Black "Witik"]
[Result "0-1"]
[WhiteElo "2525"]
[BlackElo "2676"]
[TimeControl "180+1"]
[EndTime "9:26:08 PDT"]
[Termination "Witik won by resignation"]

1. e4 c6 2. d4 d5 3. Nc3 dxe4 4. Nxe4 Bf5 5. Ng3 Bg6 6. h4 h6 7. Nf3 e6 8. Bd3 Bxd3 9. Qxd3 Nf6 10. Bf4 Bd6 11. Bxd6 Qxd6 12. O-O-O Nbd7 13. Kb1 O-O 14. Ne4 Nxe4 15. Qxe4 Nf6 16. Qe2 Rfd8 17. Ne5 c5 18. g4 Nd7 19. g5 cxd4 20. Nxd7 Rxd7 21. gxh6 g6 22. Qg4 Qe5 23. h5 g5 24. Rdg1 Kh7 25. Re1 Qf5 26. Qxf5+ exf5 27. Re5 Kxh6 28. Rxf5 Re8 29.
Kc1 Re2 30. Kd1 d3 31. Rh3 dxc2+ 0-1

[Event "Early-Titled-Tuesday-Blitz-September-05-2023"]
[Site "Chess.com"]
[Date "2023.09.05"]
[Round "8"]
[White "Duong57"]
[Black "Roman_Ovetchkin"]
[Result "0-1"]
[WhiteElo "2487"]
[BlackElo "2649"]
[TimeControl "180+1"]
[EndTime "9:26:08 PDT"]
[Termination "Roman_Ovetchkin won by resignation"]

1. d4 Nf6 2. c4 c5 3. d5 b5 4.
cxb5 a6 5. bxa6 g6 6. Nc3 Bg7 7. e4 O-O 8. Nf3 Qa5 9. Bd2 Bxa6 10. Bxa6 Qxa6 11. Qe2 d6 12. Qxa6 Nxa6 13. O-O Rfb8 14.
Rfb1 Nb4 15. Ne1 Ng4 16. a3 Na6 17. Nf3 c4 18. h3 Ne5 19. Nxe5 Bxe5 20. Be3 Rb3 21. Na4 Rab8 22. Rc1 Rxb2 23. f4 Re2 24.
fxe5 Rxe3 25. exd6 exd6 26. Rxc4 Rb5 27. Kf2 Reb3 28. Rc6 Ra5 29. Nb6 Nc5 30. Nc4 Nxe4+ 31. Kg1 Rxd5 32. Re1 Rd4 33. Rc8+ Kg7 34. a4 Rc3 35.
Nb6 Rxc8 36. Nxc8 Rxa4 37. Rd1 Ra6 38. Kh2 Kf6 39. Rf1+ Ke6 40. Re1 f5 41. Rc1 Kd7 0-1

[Event "Early-Titled-Tuesday-Blitz-September-05-2023"]
[Site "Chess.com"]
[Date "2023.09.05"]
[Round "8"]
[White "BlueWizzard"]
[Black "artooon"]
[Result "0-1"]
[WhiteElo "2911"]
[BlackElo "3057"]
[TimeControl "180+1"]
[EndTime "9:26:09 PDT"]
[Termination "artooon won on time"]

1. e4 e5 2. d4 exd4 3. Nf3 Nc6 4. Nxd4 Nf6 5. Nxc6 bxc6 6. Bd3 d5 7. exd5 cxd5 8.
Nc3 Be7 9. O-O O-O 10. h3 Be6 11. Bf4 c5 12. Qf3 c4 13. Be2 Qa5 14. Be5 Nd7 15. Bd4 Bf6 16. Rad1 Bxd4 17. Rxd4 Qb6 18. Rfd1 Qxb2 19. Nxd5 Bxd5 20. Qxd5 Nb6 21. Qg5 Qxc2 22. Bf3 Rae8 23. Rg4 g6 24. Rh4 Qc3 25. a4 Nxa4 26.
Rc1 Re1+ 27. Rxe1 Qxe1+ 28. Kh2 Nb6 29. Qh6 Qe5+ 30. g3 Qg7 31. Qe3 Rc8 32. Bb7 Rb8 33.
Ba6 Qf6 34. Rf4 Qc6 35. Qe7 Rf8 36. Rf6 Qa4 37. Bb7 Qe8 38. Qd6 Qd8 39. Qf4 c3 40. Rc6 Qd2 41. Qxd2 cxd2 42. Rd6 Nc4 43. Rd4 Rb8 44.
Bd5 Rb1 45. Bf3 Rc1 46. g4 a5 47. h4 a4 48. h5 Kg7 49. g5 gxh5 50. Be2 a3 51. f4 a2 52. f5 a1=Q 53. f6+ Kg6 0-1

[Event "Early-Titled-Tuesday-Blitz-September-05-2023"]
[Site "Chess.com"]
[Date "2023.09.05"]
[Round "8"]
[White "viktorgen2021"]
[Black "AradNazari"]
[Result "0-1"]
[WhiteElo "2484"]
[BlackElo "2712"]
[TimeControl "180+1"]
[EndTime "9:26:09 PDT"]
[Termination "AradNazari won by resignation"]

1. Nf3 c5 2. c4 Nc6 3. g3 g6 4.
Bg2 Bg7 5. O-O e5 6. Nc3 Nge7 7.
d3 O-O 8. Ne1 d6 9. Nc2 Rb8 10.
Rb1 a6 11. b4 cxb4 12. Nxb4 Nxb4 13. Rxb4 Qc7 14. Nd5 Nxd5 15. Bxd5 b5 16. Be3 Bb7 17. Bxb7 Rxb7 18. cxb5 axb5 19. Qb3 Qa5 20. Rb1 Ra8 21.
Rxb5 Rxb5 22. Qxb5 Qxa2 23. Rb2 Qa1+ 24. Rb1 Qa2 25. Rb2 Qe6 26. Qb8+ Rxb8 27. Rxb8+ Bf8 28.
Bh6 Qe7 29. Rxf8+ Qxf8 30. Bxf8 Kxf8 31. f4 Ke7 32. Kf2 Ke6 33. e4 d5 34. Kf3 f6 35.
exd5+ Kxd5 36. fxe5 Kxe5 37. Ke3 f5 38. d4+ Kd5 39. Kd3 g5 40. Ke3 Kc4 41. g4 f4+ 42. Ke4 Kb5 43. d5 Kb6 44. h4 h6 45.
hxg5 hxg5 46. d6 Kc6 47. Ke5 Kd7 0-1

[Event "Early-Titled-Tuesday-Blitz-September-05-2023"]
[Site "Chess.com"]
[Date "2023.09.05"]
[Round "8"]
[White "Amirreza_p"]
[Black "MusicCityMaster"]
[Result "0-1"]
[WhiteElo "2589"]
[BlackElo "2391"]
[TimeControl "180+1"]
[EndTime "9:26:09 PDT"]
[Termination "MusicCityMaster won on time"]

1. Nf3 Nf6 2. c4 g6 3. b3 Bg7 4. Bb2 O-O 5. g3 d6 6. d4 e5 7. dxe5 Ng4 8. Qd2 Nxe5 9. Bg2 Nbc6 10. O-O Bg4 11. Nxe5 dxe5 12. Qxd8 Raxd8 13. Bxc6 bxc6 14. f3 Be6 15. Bc3 f5 16. Na3 Rd7 17. Rad1 Rfd8 18. Rxd7 Rxd7 19. Nc2 e4 20. Bxg7 Kxg7 21. fxe4 fxe4 22. e3 Bh3 23. Re1 Rd2 24. Nd4 c5 25. Nb5 Rg2+ 26. Kh1 Rxa2 27. Nxc7 Bg2+ 28. Kg1 Bf3 29.
Ne6+ Kf6 30. Nf4 g5 31. Nd5+ Kf5 32. Nc3 Rg2+ 33. Kf1 Rxh2 34. Nb5 Kg4 0-1

[Event "Early-Titled-Tuesday-Blitz-September-05-2023"]
[Site "Chess.com"]
[Date "2023.09.05"]
[Round "8"]
[White "aghasiyevkamal"]
[Black "jk13"]
[Result "0-1"]
[WhiteElo "2530"]
[BlackElo "2678"]
[TimeControl "180+1"]
[EndTime "9:26:10 PDT"]
[Termination "jk13 won by resignation"]

1. d4 Nf6 2. c4 e6 3. Nf3 Bb4+ 4. Bd2 Bxd2+ 5. Qxd2 O-O 6. Nc3 d5 7. e3 Qe7 8. Be2 dxc4 9. O-O Rd8 10. Bxc4 c5 11.
Rfe1 Nc6 12. Rad1 b6 13. Qc2 Bb7 14. a3 cxd4 15. exd4 Qc7 16. Ba2 Ne7 17. Ne5 Ned5 18. Bb1 Rac8 19. Rd3 Nf4 20. Rg3 Rxd4 21. Qc1 Ng6 22.
Nxg6 hxg6 23. Qe3 Qd7 24. Rh3 Rg4 25. Rg3 Rxg3 26. hxg3 Nd5 27. Nxd5 Qxd5 28. Be4 Qxe4 29.
Qxe4 Bxe4 30. Rxe4 Rc1+ 31. Kh2 Rc2 32. Ra4 a5 33. b4 Rc4 34. Kg1 Kf8 35. Kf1 Ke7 36. Ke2 Kd6 37. Kd3 Kd5 0-1

[Event "Early-Titled-Tuesday-Blitz-September-05-2023"]
[Site "Chess.com"]
[Date "2023.09.05"]
[Round "8"]
[White "ContrVersia"]
[Black "Markov_Mikhail"]
[Result "1-0"]
[WhiteElo "2920"]
[BlackElo "2703"]
[TimeControl "180+1"]
[EndTime "9:26:11 PDT"]
[Termination "ContrVersia won by resignation"]

1. Nf3 Nf6 2. c4 e6 3. g3 d5 4.
Bg2 Be7 5. O-O O-O 6. b3 Nbd7 7. Bb2 c5 8. e3 b6 9. Nc3 Bb7 10. Qe2 Rc8 11. Rad1 Qc7 12. Ne1 dxc4 13. bxc4 Bxg2 14. Nxg2 Rfd8 15. f4 a6 16. g4 Nf8 17. h4 Qc6 18. d3 b5 19. g5 N6d7 20. Ne1 Nb6 21. Nf3 b4 22. Ne5 Qb7 23. Ne4 Ng6 24. Qg2 Kf8 25. h5 Nh4 26. Qh1 Nf5 27. Rde1 Na4 28. Ba1 b3 29. axb3 Qxb3 30. g6 fxg6 31. hxg6 h6 32. Rb1 Qa2 33. Qh3 Qc2 34. Rbc1 Qa2 35. Ng5 Rd6 36.
Nxe6+ 1-0

[Event "Early-Titled-Tuesday-Blitz-September-05-2023"]
[Site "Chess.com"]
[Date "2023.09.05"]
[Round "8"]
[White "Flaccidmoves"]
[Black "stepanosinovsky"]
[Result "1-0"]
[WhiteElo "2482"]
[BlackElo "2312"]
[TimeControl "180+1"]
[EndTime "9:26:13 PDT"]
[Termination "Flaccidmoves won on time"]

1. Nf3 Nf6 2. c4 g6 3. Nc3 Bg7 4. e4 O-O 5. d4 d6 6. h3 Nbd7 7. Be3 e5 8. d5 Nc5 9. Nd2 a5 10. g4 c6 11. Qf3 cxd5 12. cxd5 a4 13. O-O-O a3 14. b3 Qa5 15. Kc2 b5 16. Bxc5 dxc5 17.
Bxb5 Nxe4 18. Ndxe4 f5 19. gxf5 gxf5 20. Nd6 e4 21.
Qe3 f4 22. Qd2 Bf5 23. Nxf5 Rxf5 24. Rhg1 Kh8 25. Bc4 Raf8 26. Nxe4 Qd8 27. Rxg7 Kxg7 28. Nxc5 Kh6 29. Ne6 Qg5 30. Nxg5 1-0

[Event "Early-Titled-Tuesday-Blitz-September-05-2023"]
[Site "Chess.com"]
[Date "2023.09.05"]
[Round "8"]
[White "Mikedannnn"]
[Black "andrzej"]
[Result "1-0"]
[WhiteElo "2620"]
[BlackElo "2402"]
[TimeControl "180+1"]
[EndTime "9:26:14 PDT"]
[Termination "Mikedannnn won by checkmate"]

1. e4 e5 2. Nf3 Nf6 3. Nxe5 d6 4. Nf3 Nxe4 5. d4 d5 6. Bd3 Be7 7. O-O Bf5 8. c4 dxc4 9. Bxc4 O-O 10. Nc3 Nc6 11.
Re1 Nd6 12. Bb3 Na5 13. Ba4 c6 14. Ne5 Bf6 15. Bf4 Nac4 16. Qe2 Nb6 17. Bb3 a5 18. a3 a4 19. Ba2 Re8 20. Qf3 Be6 21. Bb1 Nf5 22. Rd1 Nxd4 23. Qd3 Nf5 24. Qh3 Qc8 25. Ne4 Be7 26. g4 Nh4 27. Nd6 Bxd6 28. Qxh4 Bxe5 29.
Qxh7+ Kf8 30. Bxe5 Bd5 31. Bd6+ Re7 32. Qh8# 1-0

[Event "Early-Titled-Tuesday-Blitz-September-05-2023"]
[Site "Chess.com"]
[Date "2023.09.05"]
[Round "8"]
[White "ChessQueen"]
[Black "shimastream"]
[Result "0-1"]
[WhiteElo "2770"]
[BlackElo "2969"]
[TimeControl "180+1"]
[EndTime "9:26:16 PDT"]
[Termination "shimastream won by resignation"]

1. e4 e5 2. Nf3 Qe7 3. b3 Nf6 4. Ba3 d6 5. Nc3 Bg4 6. Be2 c5 7. Bb2 Qd8 8. O-O Be7 9. d3 Nc6 10. Nd2 Be6 11. f4 exf4 12. Rxf4 Nd4 13. Nc4 O-O 14.
Ne3 Re8 15. Qd2 Nd7 16. Rf2 Bg5 17. Ncd1 d5 18. Qe1 dxe4 19. dxe4 Nf6 20. Bd3 Bd7 21. Nc3 Bc6 22. Nf1 Ng4 23. Rd1 Nxf2 24. Qxf2 Qf6 25.
Qg3 Bf4 26. Qg4 Qg5 27. Qxg5 Bxg5 28. a4 Rad8 29. Re1 Nxb3 30. Bb5 Nd4 31. Bd3 c4 32. Bxc4 Nxc2 33. Re2 Nd4 34. Re1 Bf6 35. Rb1 Bxe4 36.
Nxe4 Rxe4 37. Ng3 Re7 38. Rd1 Nf3+ 39. gxf3 Rxd1+ 0-1

[Event "Early-Titled-Tuesday-Blitz-September-05-2023"]
[Site "Chess.com"]
[Date "2023.09.05"]
[Round "8"]
[White "kushbhagat2009"]
[Black "Manukyan_Artak"]
[Result "1-0"]
[WhiteElo "2633"]
[BlackElo "2460"]
[TimeControl "180+1"]
[EndTime "9:26:17 PDT"]
[Termination "kushbhagat2009 won by resignation"]

1. d4 Nf6 2. Bf4 c5 3. e3 Qb6 4. Nc3 d5 5. Nf3 Bg4 6. Rb1 e6 7. Be2 c4 8. O-O Bb4 9. Ne5 Bxe2 10. Nxe2 Nbd7 11. c3 Bd6 12. b3 cxb3 13. Rxb3 Qc7 14. Nxd7 Kxd7 15. Bxd6 Kxd6 16. f3 Rhc8 17. e4 Ke7 18. e5 Nd7 19. f4 g6 20. Qe1 Kf8 21. Qh4 Kg7 22. g4 Qc4 23. Ng3 Rc7 24. f5 exf5 25.
gxf5 Rf8 26. Rf2 Nxe5 27. f6+ Kh8 28. Qh6 Rg8 29. dxe5 d4 30. Rf4 g5 31. Rxd4 Qc5 32. Nf5 Qxe5 33. Qg7+ Rxg7 34. fxg7+ Qxg7 35. Nxg7 Kxg7 36. Rd5 1-0

[Event "Early-Titled-Tuesday-Blitz-September-05-2023"]
[Site "Chess.com"]
[Date "2023.09.05"]
[Round "8"]
[White "amanjazu"]
[Black "HeinichessPY"]
[Result "1-0"]
[WhiteElo "2361"]
[BlackElo "2211"]
[TimeControl "180+1"]
[EndTime "9:26:17 PDT"]
[Termination "amanjazu won by checkmate"]

1. f4 Nf6 2. Nf3 g6 3. g3 Bg7 4. Bg2 O-O 5. O-O d6 6. d3 c5 7.
Nc3 Nc6 8. e4 Bg4 9. h3 Bd7 10. g4 Nd4 11. f5 Ne8 12. Nxd4 cxd4 13. Ne2 Rc8 14. Bd2 Qb6 15. b3 e6 16. fxe6 Bxe6 17.
a4 Nf6 18. Rc1 Nd7 19. Bg5 f6 20. Bh4 Ne5 21. Bf2 h5 22. Nxd4 Bf7 23. gxh5 Qd8 24.
hxg6 Nxg6 25. Nf5 Nf4 26. Qg4 Ng6 27. h4 Be6 28. Qxg6 Bxf5 29. exf5 d5 30. c4 dxc4 31.
dxc4 Qd2 32. Rcd1 Qf4 33. Bc5 Qxh4 34. Bxf8 Re8 35. Qxg7# 1-0

[Event "Early-Titled-Tuesday-Blitz-September-05-2023"]
[Site "Chess.com"]
[Date "2023.09.05"]
[Round "8"]
[White "EvgenyBurmakin"]
[Black "Roedor"]
[Result "0-1"]
[WhiteElo "2281"]
[BlackElo "2452"]
[TimeControl "180+1"]
[EndTime "9:26:18 PDT"]
[Termination "Roedor won by resignation"]

1. e4 e5 2. Nf3 Nc6 3. Bb5 Nf6 4. O-O Nxe4 5. d4 Nd6 6. dxe5 Nxb5 7. a4 Nbd4 8. Nxd4 d6 9. Nxc6 bxc6 10. Re1 Be7 11.
Nc3 O-O 12. Bf4 Rb8 13. exd6 Bxd6 14. Bxd6 cxd6 15. b3 Bf5 16. Ne4 Bxe4 17. Rxe4 d5 18. Rd4 Qf6 19. c4 Rxb3 20. cxd5 cxd5 21. Ra2 Rfb8 22. Ra1 Rb2 23. f3 Qg5 24. Rg4 Qe3+ 25. Kh1 Rd2 26. Qg1 Qxg1+ 27. Rxg1 h5 28. Rg5 h4 29. h3 Rb4 30. a5 f6 31. Rg4 Rxg4 32.
hxg4 Ra2 33. Rd1 Rxa5 34. Rd4 Kf7 35. Kh2 Ke6 36. Kh3 g5 37. f4 Rc5 38. g3 Rc3 39.
Ra4 Rxg3+ 40. Kh2 Rxg4 41. Rxa7 Rxf4 0-1

[Event "Early-Titled-Tuesday-Blitz-September-05-2023"]
[Site "Chess.com"]
[Date "2023.09.05"]
[Round "8"]
[White "realburq"]
[Black "NowInChess"]
[Result "0-1"]
[WhiteElo "2370"]
[BlackElo "2278"]
[TimeControl "180+1"]
[EndTime "9:26:20 PDT"]
[Termination "NowInChess won by checkmate"]

1. Nf3 Nf6 2. b3 g6 3. Bb2 Bg7 4. g3 O-O 5. Bg2 d5 6. O-O c5 7. c4 Nc6 8. cxd5 Nxd5 9. Bxg7 Kxg7 10. Nc3 Nxc3 11. dxc3 Qc7 12. Qc1 b6 13. Qe3 Bb7 14. Rfd1 Rad8 15. h4 h6 16. h5 g5 17. c4 Qc8 18.
Qc3+ f6 19. Qc2 f5 20. Qc3+ Kf7 21. e3 Qe6 22. Nxg5+ hxg5 23. Bd5 Rxd5 24. cxd5 Qe5 25. Qc4 Na5 26. Qd3 Rd8 27. e4 Qxe4 28. Qxe4 fxe4 29. Kf1 Bxd5 30. Ke2 c4 31. bxc4 Bxc4+ 32. Ke3 Bd3 33.
h6 Nc4# 0-1